 Dungeon Crawl Stone Soup version 0.31-a0-851-g7ff8af7976 (webtiles) character file.

Game seed: 1136295963434118596

42 avis the Ducker (level 3, 16/16 HPs)
             Began as a Felid Shapeshifter on Oct 7, 2023.
             Got out of the dungeon alive.
             The game lasted 00:06:53 (1249 turns).

avis the Ducker (Felid Shapeshifter)                Turns: 1249, Time: 00:06:53

Health: 16/16      AC:  1    Str: 12    XL:     3   Next: 33%
Magic:  4/4        EV: 18    Int: 11    God:
Gold:   44         SH:  0    Dex: 15    Spells: 2/2 levels left
                                        Lives:  0   Deaths: 1

rFire   . .          .
                       - Unarmed
rCold   . . .        (shield unavailable)
rNeg    . . .        (body armour unavailable)
rPois   .            (helmet unavailable)
rElec   .            (cloak unavailable)
rCorr   .            (gloves unavailable)
SInv    +            (boots unavailable)
Will    .....        (no amulet)
Stlth   ++           (no ring)
HPRegen 0.22/turn    (no ring)
MPRegen 0.09/turn

%: no passive effects
@: beast-form, quick
A: beast (slay +2), very small, claws 1, fangs 3, see invisible, speed 1, shaggy
fur 1, stealthy paws, no weapons or thrown items, no armour, multi-lived
a: Begin Untransformation


You escaped.
You were a hulking beast.
You visited 1 branch of the dungeon, and saw 2 of its levels.

You collected 44 gold pieces.

Inventory:

Talismans
 b - a beast talisman (active)
 c - a flux talisman
Scrolls
 e - a scroll of enchant weapon {unknown}
Potions
 a - a potion of lignification
 d - a potion of invisibility {unknown}
 f - a potion of haste {unknown}
 g - a potion of berserk rage {unknown}
 h - 2 potions of brilliance {unknown}


   Skills:
 - Level 2.0 Fighting
 * Level 4.0 Dodging
 + Level 1.0 Stealth
 - Level 3.0 Unarmed Combat
 - Level 3.5 Shapeshifting


You had 2 spell levels left.
You didn't know any spells.
Your spell library was empty.

Dungeon Overview and Level Annotations

Branches:
Dungeon (2/15)

Altars:

Shops:
D:1 [*[   D:2 =


Innate Abilities, Weirdness & Mutations

You are a hulking beast.
Your limbs bulge with bestial killing power. (Slay +2)
You have sharp claws.
You have razor-sharp teeth.
You have supernaturally acute eyesight. (SInv)
You cover ground quickly. (Speed+)
You are covered in fur. (AC +1)
Your paws help you pounce on unaware monsters.
You are incapable of wielding weapons or throwing items.
You cannot wear armour.
You gain extra lives every three experience levels.


Message History

There is a stone staircase leading down here.
You climb downwards.
There is a stone staircase leading up here.
You climb upwards.
There is a stone staircase leading down here.
There is an escape hatch in the floor here.
You slide downwards.
The hatch slams shut behind you.
Found a faded altar of an unknown god.
A ball python comes into view.
The ball python hisses angrily.
You closely miss the ball python. The ball python bites you.
The ball python grabs you. The ball python constricts you.
You claw the ball python!
You kill the ball python!
You start resting.
HP restored.
You see here a ball python corpse.
Found a stone staircase leading down.
Found a stone staircase leading down.
A gnoll comes into view.
It is wielding a +0 whip. 2 gnolls come into view.
A gnoll is wielding a +2 whip of flaming.
The gnoll shouts! x3
The gnoll hits you with a +0 whip.
You scratch the gnoll. You bite the gnoll.
The gnoll is heavily wounded.
The gnoll hits you with a +0 whip!
* * * LOW HITPOINT WARNING * * *
A gnoll comes into view. It is wielding a +0 flail.
The gnoll attacks as it pursues you! The gnoll hits you with a +0 whip.
You die...
Your shape twists and changes as you die.
You rejoin the land of the living...
There is a stone staircase leading up here.
You climb upwards.
There is a stone staircase leading down here.
You open the door.
There is an open door here.
There is a staircase leading out of the dungeon here.
You have escaped!

#..### #(...... ....# #..####.
##..# ### ### #..##... ##..###
##.####.## #..##.#.
##....###...##.#'# #..##...
......##.....'##.## #.......
.......##...###...## #.###.#.
.......###'###.....#### #.###.#.
##..##.# #.'....h.....# #[......
.......###'###.....##.# #.#.#.#.
...รท##.##.(.###...##..# #.#.....
.#.....#.....'##.###.## #.#####.
....#..##...##.#'#...#####'#####.
........##.####.##.###.........#.
#...#....#########.#.............
....#....#.......#.#.####...####.
#................................


There were no monsters in sight!

Vanquished Creatures
  A worm (D:2)
  A dart slug (D:2)
  4 ball pythons
  5 endoplasms (D:1)
  2 giant cockroaches (D:1)
  4 hobgoblins
  5 jackals (D:1)
  3 quokkas
  2 kobolds (D:1)
  4 rats (D:1)
31 creatures vanquished.

Notes
Turn   | Place    | Note
-------+----------+-------------------------------------------
     0 | D:1      | avis the Felid Shapeshifter began the quest for the Orb.
     0 | D:1      | Reached XP level 1. HP: 9/9 MP: 2/2
    85 | D:1      | Found Myny's Armour Shoppe.
   120 | D:1      | Found Udyor's Assorted Antiques.
   172 | D:1      | Reached XP level 2. HP: 13/13 MP: 3/3
   194 | D:1      | Found Payh's Antique Armour Boutique.
   284 | D:1      | Reached skill level 3 in Dodging
   292 | D:1      | Reached skill level 1 in Stealth
   484 | D:1      | Reached XP level 3. HP: 12/16 MP: 4/4
   933 | D:2      | Found Iwemioku's Jewellery Shoppe.
  1003 | D:2      | Reached skill level 4 in Dodging
  1080 | D:2      | Found a faded altar of an unknown god.
  1197 | D:2      | Slain by a gnoll
  1249 | D:$      | Got out of the dungeon alive.

Illustrated notes

Levels and vault maps discovered:
D:1:      dpeg_arrival_rhombi, layout_basic, serial_shops, shop,
          nicolae_shop_tiny_waterfront, nicolae_shop_hallway_plus
D:2:      layout_loops_ring, serial_shops, shop,
          dreamdust_ecumenical_altar_grove, basic_altar

Skill      XL: |  1  2  3 |
---------------+----------+-----
Fighting       | 2 |  2.0
Dodging        | 3 4 |  4.0
Stealth        | 1 |  1.0
Unarmed Combat | |  3.0
Shapeshifting  | |  3.5

Action                     || total
---------------------------++-------
  Melee: Unarmed           ||    75
         Bite              ||     9
   Stab: Sleeping          ||     1
 Armour: Skin              ||    19
  Dodge: Dodged            ||    56

Table legend: (Time is in decaauts)
 A = Elapsed time spent in this place.
 B = Non-inter-level travel time spent in this place.
 C = Inter-level travel time spent in this place.
 D = Time resting spent in this place.
 E = Time spent auto-exploring this place.
 F = Levels seen in this place.
 G = Mean time per level.
                   A        B        C        D        E       F      G
               +--------+--------+--------+--------+--------+-----+--------+
         Total |   1042 |    914 |    128 |     95 |    528 |   2 |  521.0 |
       Dungeon |   1042 |    914 |    128 |     95 |    528 |   2 |  521.0 |
               +--------+--------+--------+--------+--------+-----+--------+

Top non-repeatable levels by time:
     D:1: 859 daAuts
     D:2: 183 daAuts
